 Dungeon Crawl Stone Soup version 0.30.0-11-gf55b779eaf (webtiles) character file.

Game seed: 15538205293277457577

3465 hawla the Magician (level 9, -13/46 HPs)
             Began as a Deep Elf Fire Elementalist on May 16, 2023.
             Was a Follower of Vehumet.
             Engulfed by a cloud of flame (19 damage)
             ... on level 7 of the Dungeon.
             The game lasted 00:27:25 (7152 turns).

hawla the Magician (Deep Elf Fire Elementalist)     Turns: 7152, Time: 00:27:26

Health: -13/46     AC:  7    Str:  5    XL:     9   Next: 78%
Magic:  4/22       EV: 28    Int: 25    God:    Vehumet [*.....]
Gold:   227        SH:  0    Dex: 15    Spells: 11/22 levels left

rFire   . . .        v - +2 rapier
rCold   + . .        (no shield)
rNeg    . . .        e - +2 robe {rC+}
rPois   .            l - +0 helmet
rElec   .            C - +0 cloak
rCorr   .            o - +0 pair of gloves
SInv    .            (no boots)
Will    +....        j - amulet of the acrobat
Stlth   +++          d - ring of willpower
HPRegen 0.27/turn    B - ring of flight
MPRegen 0.18/turn

%: acrobat, clarity
@: acrobatic, flying
A: talons 1, clarity, mutation resistance 1, wild magic 1
a: Renounce Religion


You were on level 7 of the Dungeon.
You worshipped Vehumet.
Vehumet was aware of your devotion.
You visited 2 branches of the dungeon, and saw 8 of its levels.
You also visited: Ossuary.

You collected 334 gold pieces.
You spent 107 gold pieces at shops.

Inventory:

Hand Weapons
 v - a +2 rapier (weapon)
Missiles
 q - 5 atropa-tipped darts
 t - 5 datura-tipped darts
 y - 16 poisoned darts (quivered)
Armour
 e - a +2 robe of cold resistance (worn)
 l - a +0 helmet (worn)
 o - a +0 pair of gloves (worn)
 C - a +0 cloak (worn)
Jewellery
 d - a ring of willpower (left hand)
 j - an amulet of the acrobat (around neck)
 B - a ring of flight (right hand)
Scrolls
 a - a scroll of fear
 c - 3 scrolls of identify
 g - a scroll of blinking
 h - a scroll of amnesia
 i - 8 scrolls of teleportation
 x - a scroll of magic mapping
 D - a scroll of enchant weapon
Potions
 k - 2 potions of lignification
 m - a potion of curing
 p - 3 potions of haste
 r - 2 potions of might
 s - a potion of resistance
 u - 2 potions of heal wounds
 w - 2 potions of flight
 z - a potion of cancellation


   Skills:
 + Level 0.8 Fighting
 * Level 6.5 Short Blades
 * Level 3.3 Throwing
 + Level 3.7 Dodging
 * Level 5.4 Stealth
 + Level 7.4 Spellcasting
 + Level 5.7 Conjurations
 + Level 6.4 Fire Magic
 + Level 4.9 Air Magic
 + Level 3.0 Evocations


You had 11 spell levels left.
You knew the following spells:

 Your Spells              Type           Power      Damage    Failure   Level
a - Foxfire               Conj/Fire      100%       2x1d9     1%          1
b - Scorch                Fire           100%       2d9       1%          2
c - Flame Wave            Conj/Fire      51%        2d13      9%          4
d - Airstrike             Air            22%        2d(4-20)  13%         4

Your spell library contained the following spells:

 Spells                   Type           Power      Damage    Failure   Level
 Magic Dart               Conj           100%       1d8       1%          1
 Static Discharge         Conj/Air       94%        2-6/arc   2%          2
 Poisonous Vapours        Pois/Air       56%        N/A       6%          2
 Mephitic Cloud           Conj/Pois/Air  35%        N/A       7%          3
 Inner Flame              Hex/Fire       32%        N/A       9%          3
 Volatile Blastmotes      Fire/Tloc      64%        2d15      9%          3
 Sandblast                Erth           24%        2d8       10%         1
 Stone Arrow              Conj/Erth      60%        3d10      10%         3
 Passwall                 Tmut/Erth      10%        N/A       14%         2
 Summon Lightning Spire   Summ/Air       28%        N/A       30%         4
 Freezing Cloud           Conj/Ice/Air   17%        6-21      47%         5


Dungeon Overview and Level Annotations

Branches:
Dungeon (7/15)             Temple (1/1) D:4         Ossuary (visited)

Altars:
Ashenzari
Cheibriados
Dithmenos
Elyvilon
Fedhas
Gozag
Hepliaklqana
Kikubaaqudgha
Makhleb
Okawaru
Qazlal
Ru
Sif Muna
Trog
Uskayaw
Vehumet
Wu Jian
Xom
Yredelemnul
Zin
The Shining One

Shops:
D:1 *   D:6 [


Innate Abilities, Weirdness & Mutations

You have sharp toenails.
You possess an exceptional clarity of mind.
You are somewhat resistant to further mutation.
Your spells are a little harder to cast, but a little more powerful.


Message History

The scorpion is heavily wounded.
The foxfire hits the scorpion.
The scorpion is severely wounded.
The foxfire hits the scorpion.
The scorpion is almost dead.
The foxfire hits the scorpion!
You kill the scorpion!
Vehumet accepts your kill.
Casting: Foxfire (safe; 1% risk of failure)
Confirm with . or Enter, or press ? or * to list all spells.
You can't see any susceptible monsters within range! (Use Z to cast anyway.)
Casting: Foxfire (safe; 1% risk of failure)
Confirm with . or Enter, or press ? or * to list all spells.
Okay, then.
Casting: Foxfire (safe; 1% risk of failure)
Confirm with . or Enter, or press ? or * to list all spells.
The spell is quite dangerous to miscast (9% risk of failure)!
Continue anyway?
Casting: Flame Wave (quite dangerous; 9% risk of failure)
Press: ? - help, Dir - look around, f - activate A wave of flame ripples out! (Press . to intensify the flame waves.)
You hear a shout!
A wave of flame ripples out!
The tree burns like a torch!
A wave of flame ripples out!
You finish channelling waves of flame.
Unknown command.
A white imp comes into view.
Casting: Flame Wave (quite dangerous; 9% risk of failure)
Confirm with . or Enter, or press ? or * to list all spells.
You conjure some foxfire!
The white imp closely misses you.
You hit the white imp. Your kick misses the white imp.
The white imp is heavily wounded.
The foxfire hits the white imp.
The white imp is heavily wounded.
The foxfire hits the white imp!
The white imp is burned terribly!
You kill the white imp!
Vehumet accepts your kill.
You are engulfed in blazing flames.
* * * LOW HITPOINT WARNING * * *
You are engulfed in blazing flames.
You die...

. .~.♣#.♣†♣.# . ♣.
#.....# ## # ####
###.### ..♣. ♣...♣
♣.♣♣ ..# ♣..♣♣♣.♣.♣#
♣♣♣#⌠#♣♣♣♣♣...♣♣♣.#
..♣§§§#§§§♣..♣♣♣.♣.♣#
♣..§§§.§§§..♣♣ ♣♣.♣♣
#######§.@####### ###
.................
.###...###.##.###
##.. .# #.. .. ##.
### ##


There were no monsters in sight!

Vanquished Creatures
  A boulder beetle (D:7)
  An ugly thing (D:7)
  A steam dragon (D:7)
  A water moccasin (D:6)
  4 ogres
  A centaur (D:5)
  2 phantoms
  A bullfrog (D:7)
  4 scorpions
  A wyvern zombie (D:5)
  4 water moccasin zombies
  A water moccasin skeleton (D:5)
  2 killer bees (D:7)
  A howler monkey (D:5)
  6 centaur zombies
  3 hounds
  A jelly (D:6)
  A bullfrog skeleton (D:5)
  2 bullfrog zombies
  A human zombie (Ossuary)
  3 sleepcaps
  2 iguanas
  An orc wizard (D:6)
  2 scorpion zombies
  6 hound zombies (D:5)
  A mummy (Ossuary)
  A howler monkey zombie (D:5)
  2 gnolls (D:6)
  8 adders
  A shadow imp (D:6)
  A white imp (D:7)
  An ufetubus (D:3)
  A worm (D:2)
  An adder skeleton (D:5)
  2 dart slugs (D:3)
  4 orcs
  5 endoplasms
  2 giant cockroaches
  4 gnoll zombies (Ossuary)
  7 goblins
  3 hobgoblins
  11 jackals
  4 kobolds
  4 quokkas
  7 ball pythons
  5 bats
  4 frilled lizards
  2 goblin zombies (Ossuary)
  A hobgoblin zombie (Ossuary)
  2 orc zombies (Ossuary)
  10 rats
147 creatures vanquished.

Vanquished Creatures (others)
  199 foxfires
199 creatures vanquished.

Grand Total: 346 creatures vanquished

Notes
Turn   | Place    | Note
-------+----------+-------------------------------------------
     0 | D:1      | hawla the Deep Elf Fire Elementalist began the quest for
                  | the Orb.
     0 | D:1      | Reached XP level 1. HP: 10/10 MP: 6/6
   252 | D:1      | Reached XP level 2. HP: 15/15 MP: 5/8
   255 | D:1      | Learned a level 2 spell: Scorch
   807 | D:1      | Found Kuasyk's Assorted Antiques.
   815 | D:1      | Bought a scroll labelled BAASSY WIQI for 23 gold pieces
  1362 | D:2      | Found an ancient bone altar of Kikubaaqudgha.
  1371 | D:2      | Reached XP level 3. HP: 19/19 MP: 4/9
  1861 | D:2      | Identified the +0 leather armour of Cheibriados's Scorn
                  | {rC+ Dex+2}
  2001 | D:1      | Bought 2 golden potions for 41 gold pieces
  2035 | D:3      | Found a broken altar of Ashenzari.
  2082 | D:3      | Reached skill level 4 in Spellcasting
  2082 | D:3      | Reached XP level 4. HP: 15/24 MP: 4/12
  2393 | D:3      | Found a hide-covered altar of Uskayaw.
  3161 | D:4      | Reached XP level 5. HP: 28/28 MP: 4/13
  3208 | D:4      | Found a sand-covered staircase.
  3235 | D:4      | Learned a level 4 spell: Flame Wave
  3236 | Ossuary  | Entered an ossuary
  3283 | Ossuary  | Reached skill level 1 in Short Blades
  3498 | Ossuary  | Reached XP level 6. HP: 29/32 MP: 7/14
  3677 | Ossuary  | Reached XP level 7. HP: 36/36 MP: 9/15
  3728 | Ossuary  | Noticed a silent spectre
  3836 | D:4      | Found a staircase to the Ecumenical Temple.
  3912 | D:1      | Bought a scroll labelled PEOCIBLAAJO for 23 gold pieces
  3912 | D:1      | Bought a fuming black potion for 20 gold pieces
  4091 | Temple   | Entered the Ecumenical Temple
  4098 | Temple   | Became a worshipper of Vehumet
  4563 | D:5      | Entered Level 5 of the Dungeon
  4567 | D:5      | Found a shimmering altar of Xom.
  4735 | D:5      | Learned a level 4 spell: Airstrike
  4755 | D:5      | Reached skill level 1 in Air Magic
  4995 | D:5      | Reached XP level 8. HP: 34/41 MP: 16/16
  5272 | D:5      | Reached * piety under Vehumet
  5272 | D:5      | Offered knowledge of Magic Dart by Vehumet.
  5284 | D:5      | Reached skill level 5 in Fire Magic
  5524 | D:5      | Reached skill level 5 in Short Blades
  5524 | D:5      | Reached skill level 5 in Conjurations
  5657 | D:5      | Gained mutation: Your spells are a little harder to cast,
                  | but a little more powerful. [potion of mutation]
  5657 | D:5      | Gained mutation: You possess an exceptional clarity of
                  | mind. [potion of mutation]
  5657 | D:5      | Gained mutation: You have sharp toenails. [potion of
                  | mutation]
  5657 | D:5      | Gained mutation: You are somewhat resistant to further
                  | mutation. [potion of mutation]
  5893 | D:6      | Reached skill level 1 in Throwing
  5893 | D:6      | Reached skill level 5 in Spellcasting
  6481 | D:6      | Found Eniodgh's Armour Emporium.
  6604 | D:6      | Reached XP level 9. HP: 46/46 MP: 11/19
  6675 | D:6      | Found a burning altar of Makhleb.
  6873 | D:7      | Reached skill level 6 in Spellcasting
  6997 | D:7      | Noticed a boulder beetle
  7026 | D:7      | Killed a boulder beetle
  7042 | D:7      | Noticed a purple ugly thing
  7054 | D:7      | Killed a purple ugly thing
  7055 | D:7      | Reached skill level 5 in Stealth
  7055 | D:7      | Reached skill level 7 in Spellcasting
  7152 | D:7      | Engulfed by a cloud of flame

Illustrated notes

Levels and vault maps discovered:
D:1:      minmay_arrival_split_and_join, layout_loops_corners, serial_shops,
          shop
D:2:      layout_basic, basic_altar
D:3:      layout_loops_corners, mainiacjoe_overflow_surrounded_room,
          mainiacjoe_overflow_small_starburst
D:4:      layout_loops_ring, temple_statues, nicolae_ossuary_entry_ruins
D:5:      layout_loops_cross, brannock_xom_greatest_gift, serial_undead,
          serial_undead_a, serial_undead_d, serial_undead_d, serial_undead_d,
          serial_undead_b, serial_undead_d, serial_undead_f
D:6:      layout_loops_cross, bloody_makhleb, serial_shops,
          nicolae_shop_tiny_statue_garden, serial_bayou_pond_a
D:7:      nzn_winding_woodlands_medium [nzn_winding_woodlands_5x5_closed_star,
          nzn_winding_woodlands_5x15_twine,
          nzn_winding_woodlands_5x5_checkerboard,
          nzn_winding_woodlands_5x5_three,
          nzn_winding_woodlands_center_triple_pond,
          nzn_winding_woodlands_5x5_cross, nzn_winding_woodlands_5x5_default,
          nzn_winding_woodlands_5x15_zeroes,
          nzn_winding_woodlands_5x5_perimeter], layout_loops_cross, minmay_puff
Temple:   sentei_temple_godly_chess

Skill      XL: |  1  2  3  4  5  6  7  8  9 |
---------------+----------------------------+-----
Fire Magic     | 4 5 6 |  6.4
Spellcasting   | 4 5 7 |  7.4
Dodging        | 3 |  3.7
Stealth        | 3 4 5 |  5.4
Short Blades   | 2 4 5 6 |  6.5
Conjurations   | 2 3 4 5 |  5.7
Air Magic      | 3 4 |  4.9
Evocations     | 3 |  3.0
Throwing       | 1 3 |  3.3
Fighting       | |  0.8

Action                     |  1- 3 |  4- 6 |  7- 9 || total
---------------------------+-------+-------+-------++-------
  Melee: Unarmed           |     8 |       |       ||     8
         Dagger            |     8 |       |       ||     8
         Rapier            |     2 |    60 |   111 ||   173
         Punch             |       |     1 |     2 ||     3
         Kick              |       |       |    20 ||    20
   Cast: Foxfire           |    37 |    28 |    57 ||   122
         Scorch            |    16 |    19 |    24 ||    59
         Flame Wave        |       |     5 |    17 ||    22
         Airstrike         |       |       |     3 ||     3
  Evoke: Wand              |       |       |     1 ||     1
    Use: Scroll            |       |    10 |    13 ||    23
         Potion            |       |     3 |     8 ||    11
   Stab: Sleeping          |       |     8 |     2 ||    10
 Armour: Robe              |     8 |    44 |    23 ||    75
  Dodge: Dodged            |    27 |    97 |   129 ||   253
